 Dungeon Crawl Stone Soup version 0.20.0-10-g0535bb4 (webtiles) character file.

11067 anfisbena the Fighter (level 11, 0/94 HPs)
             Began as a Vine Stalker Fighter on June 3, 2017.
             Was a Follower of Uskayaw.
             Succumbed to Sonja's curare-tipped needle
             ... on level 11 of the Dungeon.
             The game lasted 00:13:57 (9687 turns).

anfisbena the Fighter (Vine Stalker Fighter)        Turns: 9687, Time: 00:13:57

Health: 0/94       AC: 25    Str: 17 (19) XL:     11   Next: 71%
Magic:  7/17       EV:  2    Int:  6 (8)  God:    Uskayaw [*.....]
Gold:   629        SH: 10    Dex: 15 (17) Spells: 10/10 levels left

rFire    + . .     SeeInvis .   D - +2 dagger (venom)
rCold    . . .     Gourm    .   c - +0 shield
rNeg     + + +     Faith    .   (armour currently unavailable)
rPois    +         Spirit   +   (helmet currently unavailable)
rElec    .         Reflect  .   (cloak currently unavailable)
rCorr    .         Harm     .   (gloves currently unavailable)
MR       ++...     NoTele   +   (boots currently unavailable)
Stlth    +++.......             x - amulet of rage
Regen    0.7/turn               A - ring of protection from magic
MPRegen  0.2/turn               m - ring of protection from fire

@: lethally poisoned (0 -> -7), tree-form, very slightly contaminated, slowed,
invisible, very slow
A: mutation resistance 1, regeneration 1, magic shield, no potion heal 3, rot
immunity, subdued magic 1
a: Stomp, Renounce Religion, Evoke Berserk Rage


You were on level 11 of the Dungeon.
You worshipped Uskayaw.
Uskayaw was noncommittal.
You were not hungry.
You were a tree.
You visited 2 branches of the dungeon, and saw 12 of its levels.

You collected 629 gold pieces.

Inventory:

Hand Weapons
 d - a +1 dagger of draining
 D - a +2 dagger of venom (weapon)
Armour
 c - a +0 shield (worn)
 o - a +1 pair of boots (melded)
 w - a +0 chain mail (melded)
Jewellery
 m - a ring of protection from fire (right branch)
 x - an amulet of rage (around neck)
 A - a ring of protection from magic (left branch)
Scrolls
 a - 3 scrolls of fear {unknown}
 i - 2 scrolls of teleportation
 n - a scroll of enchant armour {unknown}
 q - 9 scrolls of magic mapping
 t - 3 scrolls of blinking
 y - a scroll of immolation {unknown}
 z - a scroll of remove curse
 B - a scroll of recharging {unknown}
 C - a scroll of amnesia {unknown}
 E - 2 scrolls of enchant weapon {unknown}
 I - a scroll of holy word {unknown}
 J - a scroll of random uselessness {unknown}
Potions
 l - 2 potions of brilliance
 r - a potion of magic {unknown}
 s - 2 potions of haste
 u - 2 potions of berserk rage
 v - a potion of curing {unknown}
 F - 3 potions of flight
 G - a potion of agility {unknown}
 L - a potion of might
Comestibles
 f - 13 bread rations
 j - 4 royal jellies
 k - 9 fruits
 p - 7 meat rations


   Skills:
 + Level 9.8 Fighting
 - Level 8.0 Short Blades
 + Level 5.5 Armour
 + Level 6.9 Stealth
 + Level 5.8 Shields
 * Level 7.8 Invocations


You had 10 spell levels left.
You didn't know any spells.

Dungeon Overview and Level Annotations

Branches:
Dungeon (11/15)            Temple (1/1) D:7             Orc (0/2) D:10
   Lair: D:8-11

Altars:
Ashenzari
Cheibriados
Dithmenos
Elyvilon
Fedhas
Gozag
Hepliaklqana
Kikubaaqudgha
Makhleb
Nemelex Xobeh
Okawaru
Qazlal
Ru
Sif Muna
Trog
Uskayaw
Vehumet
Xom
Yredelemnul
Zin
The Shining One
Beogh

Shops:
D:5 (   D:7 *   D:10 ?

Annotations:
D:11 Sonja


Innate Abilities, Weirdness & Mutations

((You have razor-sharp teeth.))
Your natural rate of healing is unusually fast.
When hurt, damage is shared between your health and your magic reserves.
((Your bite disrupts and absorbs the magic of your enemies.))
Potions cannot restore your health.
You are immune to rotting.
You are somewhat resistant to further mutation.
Your spells are a little easier to cast, but a little less powerful.


Message History

Sonja blinks!
You reach down and close the door.
* * * LOW HITPOINT WARNING * * *
You feel very sick.
Okay, then.
It was a potion of invisibility.
You fade into invisibility!
* * * LOW HITPOINT WARNING * * *
You feel very sick.
You are very lightly contaminated with residual magic.
It was a potion of lignification.
You turn into a tree.
Your +1 pair of boots melds into your body.
Your +0 chain mail melds into your body.
Your roots penetrate the ground.
* * * LOW HITPOINT WARNING * * *
You feel very sick.
It was a potion of degeneration.
There was something very wrong with that liquid.
You feel weakened.
You feel dopey.
You feel clumsy.
You die...

#........# #....)..[#
####...))...#
......)....+
#..o.....).#
#..###....[#
#..#.#####.########
#..#.....#.)......###
#..+♣....#(#####.....
#..#.....#.# #.....
#. #.(...'.# #..... #
#..(..'.# #.....
.#'#####K#####.####
...............#
#######..........#
#.....#..........+
#.....#...PP..P..##


You could see Sonja (wandering).

Vanquished Creatures
  Gastronok (D:9)
  2 two-headed ogres
  Pikel (D:5)
  Joseph (D:8)
  2 trolls (D:9)
  A hornet (shapeshifter) (D:10)
  5 hippogriffs
  A yak (D:8)
  A human (D:8)
  3 hogs (D:8)
  Eustachio (D:5)
  2 hungry ghosts (D:5)
  A vampire mosquito (D:8)
  Menkaure (D:6)
  4 orc warriors
  A water moccasin (D:10)
  4 sky beasts
  An ice beast (D:10)
  A black bear (D:9)
  5 phantoms
  2 centaurs
  5 ogres
  2 big kobolds
  5 bullfrogs
  A wyvern skeleton (D:11)
  2 scorpions
  5 wights (D:6)
  5 howler monkeys
  5 crimson imps
  3 bullfrog zombies
  2 jellies
  9 orc priests
  13 orc wizards
  3 hounds
  3 iguanas
  A centaur skeleton (D:4)
  A bullfrog skeleton (D:7)
  Ijyb (D:3)
  9 worker ants
  A hound skeleton (D:6)
  4 gnolls (D:5)
  9 adders
  A shadow imp (D:8)
  2 oozes
  An adder zombie (D:9)
  An adder skeleton (D:6)
  3 worms
  2 dart slugs
  4 leopard geckos
  42 orcs
  4 giant cockroaches
  6 goblins
  9 hobgoblins
  6 jackals
  2 quokkas
  3 ball pythons
  11 bats
  10 frilled lizards
  16 kobolds
  5 rats
  A fungus (D:11)
259 creatures vanquished.

Vanquished Creatures (others)
  A worm (D:5)
  4 fungi (D:11)
5 creatures vanquished.

Grand Total: 264 creatures vanquished

Notes
Turn   | Place    | Note
-------+----------+-------------------------------------------
     0 | D:1      | anfisbena the Vine Stalker Fighter began the quest for the Orb.
     0 | D:1      | Reached XP level 1. HP: 11/11 MP: 2/2
   448 | D:1      | Reached XP level 2. HP: 12/16 MP: 3/3
   783 | D:2      | Reached skill level 3 in Fighting
   873 | D:2      | Reached XP level 3. HP: 20/20 MP: 4/4
  1955 | D:3      | Gained mutation: Your natural rate of healing is unusually fast. [Vine Stalker growth]
  1955 | D:3      | Reached XP level 4. HP: 24/24 MP: 5/5
  1990 | D:3      | Noticed Ijyb
  2005 | D:3      | Killed Ijyb
  2328 | D:3      | Reached skill level 4 in Fighting
  2328 | D:3      | Reached XP level 5. HP: 27/29 MP: 4/6
  2802 | D:4      | Got a shadowed robe
  2813 | D:4      | Identified the +1 robe of the Fisher {Str+2 Int+6} (You found it on level 4 of the Dungeon)
  3178 | D:4      | Noticed a phantom
  3195 | D:4      | Reached XP level 6. HP: 5/34 MP: 2/7
  3319 | D:4      | Killed a phantom
  3630 | D:4      | Reached skill level 5 in Fighting
  3717 | D:5      | Entered Level 5 of the Dungeon
  3796 | D:5      | Reached XP level 7. HP: 38/39 MP: 8/8
  3910 | D:5      | Reached skill level 5 in Short Blades
  4004 | D:5      | Noticed a hungry ghost
  4007 | D:5      | Noticed a hungry ghost
  4022 | D:5      | Killed a hungry ghost
  4032 | D:5      | Killed a hungry ghost
  4032 | D:5      | Reached skill level 6 in Fighting
  4184 | D:5      | Found Niuphad's Weapon Emporium.
  4339 | D:5      | Gained mutation: You have razor-sharp teeth. [Vine Stalker growth]
  4339 | D:5      | Reached XP level 8. HP: 44/44 MP: 9/9
  4365 | D:5      | Noticed Pikel
  4391 | D:5      | Killed Pikel
  4391 | D:5      | Reached skill level 7 in Fighting
  4702 | D:5      | Reached XP level 9. HP: 40/50 MP: 8/10
  4773 | D:6      | Noticed Eustachio
  4773 | D:6      | Noticed Menkaure
  4782 | D:5      | Killed Eustachio
  4822 | D:6      | Killed Menkaure
  4902 | D:6      | Reached skill level 8 in Fighting
  4922 | D:6      | Found a deep blue altar of Sif Muna.
  5387 | D:7      | Found Xomozen's General Store.
  5424 | D:7      | Found a staircase to the Ecumenical Temple.
  5431 | Temple   | Entered the Ecumenical Temple
  5765 | Temple   | Became a worshipper of Uskayaw the Reveler
  5802 | D:7      | Reached * piety under Uskayaw
  5809 | D:7      | Reached ** piety under Uskayaw
  5924 | D:7      | Reached skill level 1 in Stealth
  5936 | D:7      | Reached *** piety under Uskayaw
  6264 | D:8      | Reached skill level 1 in Invocations
  6272 | D:8      | HP: 1/52 [orc wizard/magic dart (7)]
  6506 | D:8      | Noticed Joseph
  6522 | D:8      | Killed Joseph
  6585 | D:8      | Noticed a two-headed ogre
  6614 | D:8      | Killed a two-headed ogre
  6614 | D:8      | Reached XP level 10. HP: 32/57 MP: 7/13
  6676 | D:8      | Reached **** piety under Uskayaw
  6682 | D:8      | Reached ***** piety under Uskayaw
  6699 | D:8      | Gained mutation: You are weak. (Str -2) [mutagenic meat]
  6700 | D:8      | Gained mutation: You have large cloven feet. [mutagenic meat]
  6701 | D:8      | Lost mutation: You are weak. (Str -2) [potion of mutation]
  6701 | D:8      | Gained mutation: Armour fits poorly on your strangely shaped body. [potion of mutation]
  6701 | D:8      | Gained mutation: You are somewhat resistant to further mutation. [potion of mutation]
  6779 | D:8      | Gained mutation: You have a pair of small antennae on your head. [mutagenic meat]
  6806 | D:8      | Reached skill level 9 in Fighting
  7126 | D:8      | Reached skill level 5 in Invocations
  7542 | D:8      | Lost mutation: You have large cloven feet. [potion of mutation]
  7542 | D:8      | Lost mutation: You have a pair of small antennae on your head. [potion of mutation]
  7542 | D:8      | Lost mutation: Armour fits poorly on your strangely shaped body. [potion of mutation]
  7542 | D:8      | Gained mutation: Your spells are a little easier to cast, but a little less powerful. [potion of mutation]
  7870 | D:9      | Reached skill level 5 in Shields
  7974 | D:9      | Reached skill level 5 in Stealth
  8134 | D:9      | Reached XP level 11. HP: 46/62 MP: 16/16
  8461 | D:9      | Noticed Gastronok
  8514 | D:9      | Killed Gastronok
  8514 | D:9      | Reached skill level 5 in Armour
  8634 | D:10     | Entered Level 10 of the Dungeon
  8908 | D:10     | Found a staircase to the Orcish Mines.
  9068 | D:10     | Found a roughly hewn altar of Beogh.
  9270 | D:10     | Found Bopeh's Magic Scroll Shop.
  9603 | D:11     | Noticed a two-headed ogre
  9623 | D:11     | Killed a two-headed ogre
  9663 | D:11     | Noticed Sonja
  9685 | D:11     | HP: 3/63 [poisoned by Sonja (curare-tipped needle)]
  9687 | D:11     | Succumbed to Sonja's curare-tipped needle

Skill      XL: |  1  2  3  4  5  6  7  8  9 10 11 |
---------------+----------------------------------+-----
Short Blades   | 2 3 4 6 7 8 |  8.0
Fighting       | 3 4 5 6 7 8 9 |  9.8
Shields        | 4 5 |  5.8
Armour         | 4 5 |  5.5
Stealth        | 3 5 6 |  6.9
Invocations    | 3 5 7 |  7.8

Action                   |  1- 3 |  4- 6 |  7- 9 | 10-12 || total
-------------------------+-------+-------+-------+-------++-------
Melee: Rapier            |   108 |   160 |    14 |       ||   282
       Bite              |    28 |    48 |   180 |   229 ||   485
       Dagger            |       |       |   410 |   471 ||   881
       Kick              |       |       |       |     1 ||     1
 Abil: Evoke Berserk Rag |       |       |     1 |       ||     1
  Use: Scroll            |       |       |    10 |     2 ||    12
       Potion            |       |       |     1 |     6 ||     7
 Stab: Paralysed         |       |       |     1 |    18 ||    19
  Eat: Chunk             |     3 |     6 |    17 |    13 ||    39
Armor: Scale mail        |    52 |       |       |       ||    52
       Chain mail        |       |    60 |   135 |   155 ||   350
       Skin              |       |     5 |       |       ||     5
Dodge: Dodged            |    42 |    26 |    49 |    83 ||   200
Block: Shield            |    61 |    61 |   145 |   194 ||   461
